 Dungeon Crawl Stone Soup version 0.21-a0-401-g0b6bec4 (webtiles) character file.

135 torrenera the Firebug (level 4, -1/24 HPs)
             Began as a Deep Elf Fire Elementalist on Oct 25, 2017.
             Was a Follower of Vehumet.
             Succumbed to a big kobold's poison
             ... in a sewer.
             The game lasted 00:08:17 (2629 turns).

torrenera the Firebug (Deep Elf Fire Elementalist)  Turns: 2629, Time: 00:08:18

Health: -1/24      AC:  4    Str:  5    XL:     4   Next: 97%
Magic:  6/13       EV: 13    Int: 21    God:    Vehumet [*.....]
Gold:   129        SH:  0    Dex: 15    Spells: 12/13 levels left

rFire    + . .     SeeInvis .   t - -2 short sword (curse)
rCold    + . .     Gourm    .   (no shield)
rNeg     . . .     Faith    .   r - +1 robe {rC+ rF+}
rPois    .         Spirit   .   (no helmet)
rElec    .         Reflect  .   (no cloak)
rCorr    .         Harm     .   f - +0 pair of gloves
MR       .....                  (no boots)
Stlth    ++........             (no amulet)
HPRegen  0.08/turn              (no ring)
MPRegen  0.13/turn              (no ring)

@: lethally poisoned (-1 -> -17)
A: no striking features
a: Renounce Religion


You were in a sewer.
You worshipped Vehumet.
Vehumet was aware of your devotion.
You were not hungry.

You visited 1 branch of the dungeon, and saw 3 of its levels.
You also visited: Sewer.

You collected 129 gold pieces.

Inventory:

Hand Weapons
 a - a +0 blowgun
 h - a +0 hunting sling
 m - a +0 morningstar
 t - a cursed -2 short sword (weapon)
 x - a cursed -1 dagger
Missiles
 i - 3 curare-tipped needles
 k - 62 stones (quivered)
Armour
 f - a +0 pair of gloves (worn)
 r - a +1 robe of resistance (worn)
Scrolls
 d - 2 scrolls of identify {unknown}
 e - 2 scrolls of remove curse {unknown}
 l - 3 scrolls of teleportation {unknown}
 p - a scroll of amnesia {unknown}
 u - a scroll of fear {unknown}
Potions
 n - a potion of might
 o - a potion of lignification {unknown}
 q - a potion of mutation {unknown}
 s - 2 potions of invisibility {unknown}
 w - 2 potions of agility {unknown}
 z - 2 potions of brilliance {unknown}
Books
 b - a book of Flames

   Spells                             Type                      Level
   a - Flame Tongue                   Conjuration/Fire             1
   b - Throw Flame                    Conjuration/Fire             2
   c - Conjure Flame                  Conjuration/Fire             3
   d - Inner Flame                    Hexes/Fire                   3
   e - Sticky Flame                   Conjuration/Fire             4
   f - Fireball                       Conjuration/Fire             5
Comestibles
 c - a bread ration
 g - 2 meat rations
 j - 2 fruits


   Skills:
 - Level 2.4 Dodging
 - Level 2.4 Stealth
 + Level 5.0 Spellcasting
 - Level 1.1 Conjurations
 + Level 5.2 Fire Magic


You had 12 spell levels left.
You knew the following spells:

 Your Spells              Type           Power        Failure   Level  Hunger
a - Flame Tongue          Conj/Fire      ###..        3%          1    None


Dungeon Overview and Level Annotations

Branches:
Dungeon (3/15)

Altars:
Ashenzari
Elyvilon
Nemelex Xobeh
Trog
Vehumet
Wu Jian


Message History

The big kobold closely misses you.
You feel better. The kobold hits you.
The big kobold hits you but does no damage.
The big kobold hits you with a club.
Casting: Flame Tongue
Confirm with . or Enter, or press ? or * to list all spells.
Aiming: Flame Tongue
Press: ? - help, Shift-Dir - straight line, f - kobold
Aim: a kobold The flame tongue hits the kobold.
You kill the kobold!
Vehumet accepts your kill.
The big kobold hits you with a short sword of venom.
You are lethally poisoned!
The big kobold hits you with a club!
* * * LOW HITPOINT WARNING * * *
Okay, then.
Okay, then.
Okay, then.
You die...

##### ####
##...####..#######
......##.........#
...........P.....##
..............(...# ####
................@(#..!.#
...........P.....(')...#
≈≈..≈≈≈..≈≈≈≈....KK..∩!#
≈P...P≈≈P≈≈P≈P....#.?..#
########≈≈≈#################
≈≈≈≈≈≈≈≈≈≈≈≈≈≈≈≈≈≈≈≈≈≈≈≈≈≈≈#
≈≈≈≈≈≈≈≈≈≈≈≈≈≈≈≈≈≈≈≈≈≈≈≈≈≈≈#
≈≈≈≈≈≈≈≈≈≈≈≈≈≈≈≈≈≈≈≈≈≈≈≈≈≈≈#
#≈############≈≈########'###


You could see 2 big kobolds.

Vanquished Creatures
  Jessica (D:2)
  4 adders
  An ooze (Sewer)
  A worm (D:3)
  3 orcs (D:3)
  6 ball pythons
  4 giant cockroaches
  A goblin (D:2)
  7 hobgoblins
  3 jackals (D:1)
  6 bats
  5 frilled lizards
  17 kobolds
  9 rats
68 creatures vanquished.

Notes
Turn   | Place    | Note
-------+----------+-------------------------------------------
     0 | D:1      | torrenera the Deep Elf Fire Elementalist began the quest for the Orb.
     0 | D:1      | Reached XP level 1. HP: 10/10 MP: 6/6
   268 | D:1      | Reached XP level 2. HP: 13/15 MP: 2/8
   972 | D:2      | Reached XP level 3. HP: 19/19 MP: 6/10
  1143 | D:2      | Found an ornate altar of the Wu Jian Council.
  1143 | D:2      | Found a radiant altar of Vehumet.
  1148 | D:2      | Found a bloodstained altar of Trog.
  1152 | D:2      | Found a faded altar of an unknown god.
  1155 | D:2      | Found a white marble altar of Elyvilon.
  1272 | D:2      | Became a worshipper of Vehumet
  1305 | D:2      | Found a sparkling altar of Nemelex Xobeh.
  1335 | D:2      | Noticed Jessica
  1343 | D:2      | Killed Jessica
  1343 | D:2      | Reached XP level 4. HP: 6/24 MP: 4/12
  1992 | D:3      | Reached skill level 5 in Fire Magic
  2067 | D:3      | Found a shattered altar of Ashenzari.
  2076 | D:3      | Found a glowing drain.
  2101 | Sewer    | Entered a sewer
  2361 | Sewer    | Reached * piety under Vehumet
  2361 | Sewer    | Offered knowledge of Sting by Vehumet.
  2361 | Sewer    | Reached skill level 5 in Spellcasting
  2617 | Sewer    | Noticed a big kobold
  2617 | Sewer    | Noticed a big kobold
  2628 | Sewer    | HP: 1/24 [big kobold/club (7)]
  2629 | Sewer    | Succumbed to a big kobold's poison

Vault maps used:
D:1:      nzn_arrival_crosshair
D:2:      chequers_temple_overflow_minitemple, nicolae_overflow_crystal_walls,
          hangedman_decor_lopped, uniq_jessica
D:3:      cheibrodos_helix_gallery, bloody_makhleb, lemuel_crystal_altar,
          cheibrodos_sewer_entry_drain
Sewer:    kennysheep_pipe_town

Skill      XL: |  1  2  3  4 |
---------------+-------------+-----
Fire Magic     | 4 5 |  5.2
Spellcasting   | 4 5 |  5.0
Dodging        | |  2.4
Stealth        | |  2.4
Conjurations   | |  1.1

Action                   |  1- 3 |  4- 6 || total
-------------------------+-------+-------++-------
Melee: Morningstar       |       |     5 ||     5
 Cast: Flame Tongue      |    51 |    73 ||   124
  Use: Potion            |       |     5 ||     5
  Eat: Chunk             |     1 |     4 ||     5
Armor: Robe              |     2 |    14 ||    16
Dodge: Dodged            |     9 |    42 ||    51

Table legend:
 A = Spawn XP
 B = Non-spawn XP
 C = Spawn XP percentage of total XP
 D = Spawn monster count
 E = Non-spawn monster count
 F = Spawn count percentage of total count
 G = Total turns spent on level
                    A         B        C        D         E        F      G
               +---------+---------+-------+---------+---------+-------+---------
         Total |       0 |     194 |   0.0 |       0 |      68 |   0.0 |  2629
               +---------+---------+-------+---------+---------+-------+---------
           D:1 |       0 |      25 |   0.0 |       0 |      17 |   0.0 |   837
           D:2 |       0 |      99 |   0.0 |       0 |      19 |   0.0 |  1065
           D:3 |       0 |      35 |   0.0 |       0 |      10 |   0.0 |   199
         Sewer |       0 |      35 |   0.0 |       0 |      22 |   0.0 |   528
               +---------+---------+-------+---------+---------+-------+---------
